 Dungeon Crawl Stone Soup version 0.31-a0-865-g3d5d91748a (webtiles) character file.

Game seed: 17625659098991106515

58 Maratek the Covered (level 3, -3/33 HPs)
             Began as an Armataur Fighter on Oct 10, 2023.
             Slain by a gnoll
             ... wielding a +0 club
              (5 damage)
             ... on level 2 of the Dungeon.
             The game lasted 00:01:29 (779 turns).

Maratek the Covered (Armataur Fighter)               Turns: 779, Time: 00:01:29

Health: -3/33      AC:  8    Str: 23    XL:     3   Next: 75%
Magic:  3/3        EV:  7    Int:  8    God:
Gold:   59         SH:  4    Dex:  9    Spells: 2/2 levels left

rFire   . . .        a - +0 flail
rCold   . . .        c - +0 buckler
rNeg    . . .        b - +0 scale mail
rPois   .            (no helmet)
rElec   .            (no cloak)
rCorr   .            g - +0 pair of gloves
SInv    .            (no barding)
Will    .....        j - amulet of the acrobat Stlth
                     (no ring)
HPRegen 0.25/turn    (no ring)
MPRegen 0.08/turn

%: acrobat, roll
@: no status effects
A: large, rugged brown scales 3, deformed body, armoured tail, roll, long
tongue, awkward tongue
a: no special abilities


You were on level 2 of the Dungeon.
You visited 1 branch of the dungeon, and saw 2 of its levels.

You collected 59 gold pieces.

Inventory:

Hand Weapons
 a - a +0 flail (weapon)
Armour
 b - a +0 scale mail (worn)
 c - a +0 buckler (worn)
 g - a +0 pair of gloves (worn)
Jewellery
 j - an amulet of the acrobat (around neck)
Scrolls
 e - a scroll of vulnerability {unknown}
 h - 2 scrolls of identify {unknown}
 l - a scroll of teleportation {unknown}
Potions
 d - 3 potions of might
 f - a potion of berserk rage {unknown}
 i - a potion of curing {unknown}
 k - 2 potions of attraction {unknown}
 m - 2 potions of ambrosia {unknown}


   Skills:
 + Level 3.0 Fighting
 + Level 2.6 Maces & Flails
 + Level 4.1 Armour
 + Level 0.3 Dodging
 + Level 3.7 Shields


You had 2 spell levels left.
You didn't know any spells.
Your spell library was empty.

Dungeon Overview and Level Annotations

Branches:
Dungeon (2/15)

Altars:


Innate Abilities, Weirdness & Mutations

You are completely covered in rugged brown scales. (AC +3, +7% HP)
Armour fits poorly on your strangely shaped body.
You have a long armoured tail.
You roll when moving toward enemies. (Rampage)
Your long tongue fully drains potion bottles. (2x potion effects)
Your tongue gives you trouble enunciating. (1.5x scroll delay)


Message History

You are too injured to fight recklessly!
You thump the worm!
The worm is severely wounded.
The endoplasm hits you. You block the frilled lizard's attack.
A gnoll comes into view. It is wielding a +0 flail.
You hit the worm.
The worm is severely wounded.
The frilled lizard bites you but does no damage.
You block the endoplasm's attack. The worm bites you.
* * * LOW HITPOINT WARNING * * *
A dart slug comes into view.
The frilled lizard barely misses you.
The endoplasm hits you but does no damage.
The gnoll hits you but does no damage.
You barely miss the worm.
The worm is severely wounded.
The frilled lizard bites you but does no damage.
The endoplasm freezes you.
You are frozen.
* * * LOW HITPOINT WARNING * * *
The gnoll hits you but does no damage. You block the worm's attack.
You hit the worm.
You kill the worm!
A gnoll comes into view. It is wielding a +2 flail of draining.
The endoplasm hits you.
* * * LOW HITPOINT WARNING * * *
The frilled lizard bites you but does no damage.
The gnoll hits you but does no damage.
The gnoll shouts!
You hit the gnoll.
Your tail-slap misses the gnoll.
The gnoll is lightly wounded.
You hear a shout!
The frilled lizard barely misses you. The endoplasm freezes you.
You are frozen.
* * * LOW HITPOINT WARNING * * *
You block the gnoll's attack.
The hobgoblin hits you but does no damage.
The gnoll hits you with a +0 club.
You die...

.##..........#.#
......#
...........##.#..#####
.#................
............##..#
##..............#
#......$...##.###
#.........(..#...#
...#.............##
.#.##.....#@g...... #
######gJl......
#.g.)..... ......$>..
.##.#...... .#
..#.w.... .. ..#g.....
.# #........


You could see 3 gnolls, a dart slug, an endoplasm, a hobgoblin and a frilled
lizard.

Vanquished Creatures
  An adder (D:2)
  2 worms (D:2)
  2 dart slugs
  5 ball pythons
  5 bats
  2 endoplasms
  2 giant cockroaches (D:1)
  2 goblins
  4 hobgoblins (D:1)
  A quokka (D:1)
  4 frilled lizards
  5 kobolds
  A rat (D:1)
36 creatures vanquished.

Notes
Turn   | Place    | Note
-------+----------+-------------------------------------------
     0 | D:1      | Maratek the Armataur Fighter began the quest for the Orb.
     0 | D:1      | Reached XP level 1. HP: 19/19 MP: 1/1
    73 | D:1      | Reached XP level 2. HP: 12/26 MP: 2/2
   607 | D:1      | Reached XP level 3. HP: 33/33 MP: 3/3
   700 | D:2      | Reached skill level 4 in Armour
   779 | D:2      | Slain by a gnoll

Illustrated notes

Levels and vault maps discovered:
D:1:      saegor_arrival_simple_d, layout_rooms, chequers_serial_rivers_large_b,
          nicolae_the_louvre
D:2:      layout_rooms

Skill      XL: |  1  2  3 |
---------------+----------+-----
Maces & Flails | 2 |  2.6
Fighting       | 3 |  3.0
Armour         | 4 |  4.1
Dodging        | |  0.3
Shields        | |  3.7

Action                     || total
---------------------------++-------
  Melee: Flail             ||    94
         Tailslap          ||     9
 Armour: Scale mail        ||   102
  Dodge: Dodged            ||    53
  Block: Buckler           ||    39

Table legend: (Time is in decaauts)
 A = Elapsed time spent in this place.
 B = Non-inter-level travel time spent in this place.
 C = Inter-level travel time spent in this place.
 D = Time resting spent in this place.
 E = Time spent auto-exploring this place.
 F = Levels seen in this place.
 G = Mean time per level.
                   A        B        C        D        E       F      G
               +--------+--------+--------+--------+--------+-----+--------+
         Total |    809 |    741 |     68 |      0 |    526 |   2 |  404.5 |
       Dungeon |    809 |    741 |     68 |      0 |    526 |   2 |  404.5 |
               +--------+--------+--------+--------+--------+-----+--------+

Top non-repeatable levels by time:
     D:1: 706 daAuts
     D:2: 102 daAuts
